 Dungeon Crawl Stone Soup version 0.31.0-11-ge490571c62 (webtiles) character file.

Game seed: 16517443220257302360

2748 Thrivaldi the Magician (level 9, -3/66 HPs)
             Began as a Gnoll Alchemist on Feb 7, 2024.
             Was a Follower of Ru.
             Slain by a tengu warrior
             ... wielding a +0 great mace
              (21 damage)
             ... on level 9 of the Dungeon.
             The game lasted 00:23:10 (6033 turns).

Thrivaldi the Magician (Gnoll Alchemist)            Turns: 6033, Time: 00:23:11

Health: -3/66      AC:  7    Str: 10    XL:     9   Next: 68%
Magic:  13/19      EV: 14    Int: 16    God:    Ru [*.....]
Gold:   285        SH:  0    Dex: 13    Spells: 4/21 levels left

rFire   . . .        d - +2 whip (distort)
rCold   . . .        (no shield)
rNeg    + . .        r - +3 leather armour {Will+}
rPois   .            i - +1 hat "Gisarch" {rN+}
rElec   .            (no cloak)
rCorr   .            (no gloves)
SInv    .            (no boots)
Will    .....        (no amulet)
Stlth   +++          (no ring)
HPRegen 0.31/turn    (no ring)
MPRegen 0.16/turn

%: no passive effects
@: mighty
A: fangs 1, weak-willed 1, strong nose, distributed training
a: Renounce Religion


You were on level 9 of the Dungeon.
You worshipped Ru.
Ru was aware of your devotion.
You visited 1 branch of the dungeon, and saw 7 of its levels.

You collected 285 gold pieces.

Inventory:

Hand Weapons
 c - a +0 short sword
 d - a +2 whip of distortion (weapon)
Missiles
 h - 4 poisoned darts
 t - 2 boomerangs (quivered)
Armour
 a - a +0 robe
 g - a +0 robe of cold resistance
 i - the +1 hat "Gisarch" (worn) {rN+}
   (You acquired it on level 3 of the Dungeon)

   rN+:       It protects you from negative energy.
 r - a +3 leather armour of willpower (worn)
Scrolls
 b - a scroll of butterflies
 j - 4 scrolls of teleportation
 n - a scroll of vulnerability
 o - 3 scrolls of amnesia
 q - a scroll of blinking
 s - a scroll of identify
Potions
 e - a potion of attraction
 f - a potion of resistance
 l - a potion of curing
 m - 2 potions of brilliance
 p - a potion of cancellation


   Skills:
 + Level 4.6 Fighting
 + Level 4.6 Short Blades
 + Level 4.6 Long Blades
 + Level 4.6 Axes
 + Level 4.6 Maces & Flails
 + Level 4.6 Polearms
 + Level 4.6 Staves
 + Level 4.6 Ranged Weapons
 + Level 4.6 Throwing
 + Level 4.6 Armour
 + Level 6.6 Dodging
 + Level 6.3 Stealth
 + Level 4.6 Shields
 + Level 4.6 Unarmed Combat
 + Level 6.9 Spellcasting
 + Level 4.4 Conjurations
 + Level 3.8 Hexes
 + Level 3.8 Summonings
 + Level 3.8 Necromancy
 + Level 3.8 Translocations
 + Level 3.8 Fire Magic
 + Level 3.8 Ice Magic
 + Level 3.8 Air Magic
 + Level 3.8 Earth Magic
 + Level 6.7 Alchemy
 + Level 5.1 Invocations
 + Level 4.6 Evocations
 + Level 4.2 Shapeshifting


You had 4 spell levels left.
You knew the following spells:

 Your Spells              Type           Power      Damage    Failure   Level
a - Sting                 Conj/Alch      92%        1d8       1%          1
b - Mercury Vapours       Alch/Air       44%        N/A       2%          2
c - Mephitic Cloud        Conj/Alch/Air  21%        N/A       6%          3
d - Olgreb's Toxic Radia  Alch           27%        N/A       10%         4
e - Sticky Flame          Fire/Alch      22%        2d6       19%         4
f - Call Canine Familiar  Summ           17%        N/A       10%         3

Your spell library contained the following spells:

 Spells                   Type           Power      Damage    Failure   Level
 Slow                     Hex            68%        N/A       3%          1
 Confusing Touch          Hex            17%        N/A       10%         3
 Gell's Gravitas          Tloc           17%        N/A       10%         3
 Sigil of Binding         Hex            17%        N/A       10%         3
 Teleport Other           Tloc           17%        N/A       10%         3
 Tukima's Dance           Hex            17%        N/A       10%         3
 Vampiric Draining        Necr           17%        2d7       10%         3
 Iskenderun's Mystic Bla  Conj/Tloc      18%        2d6       30%         4
 Dimensional Bullseye     Hex/Tloc       8%         N/A       32%         4
 Dispersal                Tloc           8%         N/A       99%         6


Dungeon Overview and Level Annotations

Branches:
Dungeon (9/15)             Temple (0/1) D:4
   Lair: D:8-11         Orc: D:9-12

Altars:
Ashenzari
Dithmenos
Elyvilon
Fedhas
Hepliaklqana
Ru
Vehumet
Wu Jian


Innate Abilities, Weirdness & Mutations

You have very sharp teeth.
You are slightly weak-willed. (Will-)
Your uncanny sense of smell can sniff out nearby items.
Your experience applies equally to all skills.


Message History

Press: ? - help, Dir - move target, f/p - tengu warrior
Aim: a tengu warrior, wielding a +0 great mace and wearing a +0 leather armour (moderately wounded, very poisoned, chance to weaken: 20%) Fumes of mercury billow around the tengu warrior!
The tengu warrior looks even sicker.
Unknown command.
You barely miss the tengu warrior. You punch the tengu warrior.
The tengu warrior is moderately wounded.
The tengu warrior hits you with a +0 great mace!
The tengu warrior closely misses you. The tengu warrior claws you.
You miss the tengu warrior. Your bite misses the tengu warrior.
The tengu warrior is moderately wounded.
The tengu warrior slips past you!
The tengu warrior completely misses you.
The tengu warrior pecks you. The tengu warrior claws you.
You feel very mighty all of a sudden.
The tengu warrior hits you with a +0 great mace!
The tengu warrior pecks you but does no damage.
The tengu warrior claws you but does no damage.
You closely miss the tengu warrior.
The tengu warrior is moderately wounded.
The tengu warrior hits you with a +0 great mace!
The tengu warrior misses you.
The tengu warrior claws you but does no damage.
You whack the tengu warrior!
The tengu warrior is heavily wounded.
The tengu warrior hits you with a +0 great mace.
The tengu warrior pecks you but does no damage.
The tengu warrior misses you.
You hit the tengu warrior.
The tengu warrior is severely wounded.
The tengu warrior closely misses you. The tengu warrior pecks you.
* * * LOW HITPOINT WARNING * * *
The tengu warrior barely misses you.
You whack the tengu warrior!
Space warps around the tengu warrior.
The tengu warrior is almost dead.
You barely miss the tengu warrior. Your bite misses the tengu warrior.
The tengu warrior is almost dead.
The tengu warrior slips past you!
The tengu warrior hits you with a +0 great mace!!
You die...

....## #.# .♣♣..######.#
~P♣♣.##...#.#
~.♣..##...#.#
.P♣.♣##...#.#
~♣♣♣♣♣♣...#.#
~~~♣♣~♣...#.############
)~~~.~...........?......
~~P♣♣♣~.....###.@Q......
~P♣♣♣♣♣...#.#...†.......
~♣♣..##...#.#.#.).#...#.
.♣ ♣.######.#..#..)#...#
~♣ ♣......#.#..)#..?#...
.♣♣######.#.#..#...#...#
........)...#.#Q..#...#.
#..).)).....#.{.y......
#...).†....)#...#T..#


You could see a tengu warrior (very poisoned).

Vanquished Creatures
  Sigmund (D:3)
  A wraith (D:9)
  Eustachio (D:5)
  Menkaure (D:4)
  A steam dragon (D:9)
  3 orc warriors (D:9)
  2 black bears
  2 centaurs (D:9)
  A phantom (D:5)
  A kobold brigand (D:9)
  2 bullfrogs (D:9)
  2 scorpions (D:5)
  A killer bee (D:9)
  A howler monkey (D:9)
  2 jellies
  3 hounds
  2 orc priests
  A gnoll bouda (D:6)
  3 iguanas
  Natasha (thrice) (D:2)
  8 gnolls
  6 adders
  A white imp (D:5)
  2 ribbon worms (D:3)
  A dart slug (D:4)
  15 orcs
  5 ball pythons
  6 endoplasms
  5 giant cockroaches
  7 goblins
  4 hobgoblins
  5 quokkas
  4 bats
  2 frilled lizards
  10 kobolds
  4 rats
  A spectral hobgoblin (D:5)
120 creatures vanquished.

Notes
Turn   | Place    | Note
-------+----------+-------------------------------------------
     0 | D:1      | Thrivaldi the Gnoll Alchemist began the quest for the Orb.
     0 | D:1      | Reached XP level 1. HP: 13/13 MP: 6/6
    75 | D:1      | Noticed a shining eye
    83 | D:1      | Found a faded altar of an unknown god.
    85 | D:1      | Noticed a golden eye
    86 | D:1      | Noticed a great orb of eyes
    86 | D:1      | Noticed a glass eye
   237 | D:1      | Reached XP level 2. HP: 19/19 MP: 5/7
   240 | D:1      | Learned a level 2 spell: Mercury Vapours
   741 | D:2      | Reached skill level 5 in Spellcasting
   741 | D:2      | Reached XP level 3. HP: 25/25 MP: 7/9
   773 | D:2      | Learned a level 3 spell: Mephitic Cloud
   789 | D:2      | Noticed Natasha
   802 | D:2      | Killed Natasha
   803 | D:2      | Reached skill level 1 in Fighting
   803 | D:2      | Reached skill level 1 in Short Blades
   803 | D:2      | Reached skill level 1 in Long Blades
   803 | D:2      | Reached skill level 1 in Axes
   803 | D:2      | Reached skill level 1 in Maces & Flails
   803 | D:2      | Reached skill level 1 in Polearms
   803 | D:2      | Reached skill level 1 in Staves
   803 | D:2      | Reached skill level 1 in Ranged Weapons
   803 | D:2      | Reached skill level 1 in Throwing
   803 | D:2      | Reached skill level 1 in Armour
   803 | D:2      | Reached skill level 1 in Shields
   803 | D:2      | Reached skill level 1 in Unarmed Combat
   803 | D:2      | Reached skill level 1 in Invocations
   803 | D:2      | Reached skill level 1 in Evocations
   821 | D:2      | Noticed Natasha
   967 | D:2      | Killed Natasha
   968 | D:2      | Reached skill level 1 in Shapeshifting
   968 | D:2      | Reached XP level 4. HP: 20/32 MP: 9/11
  1007 | D:2      | Reached skill level 1 in Hexes
  1007 | D:2      | Reached skill level 1 in Summonings
  1007 | D:2      | Reached skill level 1 in Necromancy
  1007 | D:2      | Reached skill level 1 in Translocations
  1007 | D:2      | Reached skill level 1 in Fire Magic
  1007 | D:2      | Reached skill level 1 in Ice Magic
  1007 | D:2      | Reached skill level 1 in Air Magic
  1007 | D:2      | Reached skill level 1 in Earth Magic
  1009 | D:2      | Noticed Natasha
  1017 | D:2      | Killed Natasha
  1075 | D:2      | Learned a level 4 spell: Olgreb's Toxic Radiance
  1087 | D:2      | Reached XP level 5. HP: 28/37 MP: 3/12
  1135 | D:2      | Learned a level 4 spell: Sticky Flame
  1176 | D:3      | Found a shadowy altar of Dithmenos.
  1183 | D:3      | Identified a scroll of acquirement
  1183 | D:3      | Acquired the +1 hat "Gisarch" {rN+}
  1326 | D:3      | Noticed Sigmund
  1339 | D:3      | Killed Sigmund
  1340 | D:3      | Reached skill level 5 in Dodging
  1340 | D:3      | Reached XP level 6. HP: 39/44 MP: 3/14
  1366 | D:4      | Found a staircase to the Ecumenical Temple.
  1368 | D:4      | Noticed Menkaure
  1376 | D:4      | Found a radiant altar of Vehumet.
  1728 | D:3      | Found a sacrificial altar of Ru.
  1739 | D:3      | Became a worshipper of Ru the Awakened
  2100 | D:3      | Found a blossoming altar of Fedhas.
  2125 | D:3      | Found a broken altar of Ashenzari.
  3057 | D:4      | Reached XP level 7. HP: 49/50 MP: 6/15
  3071 | D:4      | Found a white marble altar of Elyvilon.
  3071 | D:4      | Found an ornate altar of the Wu Jian Council.
  3170 | D:4      | Gained mutation: You are slightly weak-willed. (Will-) [Ru
                  | sacrifice]
  3170 | D:4      | Reached * piety under Ru
  3324 | D:4      | Reached skill level 5 in Stealth
  3368 | D:4      | Killed Menkaure
  3807 | D:5      | Entered Level 5 of the Dungeon
  3819 | D:5      | Learned a level 3 spell: Call Canine Familiar
  3836 | D:5      | Noticed Eustachio
  3862 | D:5      | Killed Eustachio
  3863 | D:5      | Reached XP level 8. HP: 34/58 MP: 2/16
  3885 | D:5      | Identified the staff of Demonkind {rF++ Int-2 Earth}
  5160 | D:5      | Found a hazy altar of Hepliaklqana.
  5535 | D:6      | You fall into a shaft and drop 3 floors!
  5563 | D:9      | Reached XP level 9. HP: 44/65 MP: 1/18
  5563 | D:9      | Noticed a kobold demonologist
  5578 | D:9      | Banished a kobold demonologist
  5705 | D:9      | Noticed a tengu warrior
  5706 | D:9      | Noticed a troll
  5834 | D:9      | Reached skill level 5 in Invocations
  6033 | D:9      | Slain by a tengu warrior

Illustrated notes

Levels and vault maps discovered:
D:1:      wander_arrival_abandoned_jail, layout_loops_ring,
          hellmonk_ecumenical_altar_watching_god
D:2:      layout_loops_ring, grunt_decor_one_mirror, solitary_fountain,
          roderic_nine_men_s_morris, dreamdust_princess_bridge, hex_large,
          uniq_natasha
D:3:      layout_basic, mainiacjoe_overflow_alcove_1, grunt_dithmenos_smoke,
          mainiacjoe_overflow_boulevard, ashenzari_conservatory_becter,
          serial_forest, infiniplex_forest_lined_3_way,
          infiniplex_forest_clump_long, infiniplex_forest_corner_1,
          infiniplex_forest_lined_3, infiniplex_forest_clump_diagonal,
          infiniplex_forest_zigzag_1, infiniplex_forest_straight_1,
          infiniplex_forest_lined_ring, grunt_ministairs_13,
          kennysheep_generic_room_5, uniq_sigmund
D:4:      layout_basic, vehumet_crystals, jmf_multi_god_temple,
          minmay_temple_entry_sparse_star, dreamdust_princess_corridor,
          uniq_menkaure
D:5:      layout_basic, nicolae_hepliaklqana_monster_ancestors, uniq_eustachio
D:6:      layout_loops_cross, zin_angel, mainiacjoe_overflow_small_starburst,
          hangedman_decor_diamond_cutter
D:9:      cheibrodos_fzero, layout_basic, orc_0_dummy, hellmonk_ghost_big_iron,
          serial_bayou_crossing, uniq_amaemon

Skill      XL: |  1  2  3  4  5  6  7  8  9 |
---------------+----------------------------+-----
Conjurations   | 2 3 4 |  4.4
Spellcasting   | 5 6 |  6.9
Fighting       | 1 2 3 4 |  4.6
Short Blades   | 1 2 3 4 |  4.6
Long Blades    | 1 2 3 4 |  4.6
Axes           | 1 2 3 4 |  4.6
Maces & Flails | 1 2 3 4 |  4.6
Polearms       | 1 2 3 4 |  4.6
Staves         | 1 2 3 4 |  4.6
Ranged Weapons | 1 2 3 4 |  4.6
Throwing       | 1 2 3 4 |  4.6
Armour         | 1 2 3 4 |  4.6
Shields        | 1 2 3 4 |  4.6
Unarmed Combat | 1 2 3 4 |  4.6
Invocations    | 1 2 3 4 5 |  5.1
Evocations     | 1 2 3 4 |  4.6
Shapeshifting  | 1 2 3 4 |  4.2
Hexes          | 1 2 3 |  3.8
Summonings     | 1 2 3 |  3.8
Necromancy     | 1 2 3 |  3.8
Translocations | 1 2 3 |  3.8
Fire Magic     | 1 2 3 |  3.8
Ice Magic      | 1 2 3 |  3.8
Air Magic      | 1 2 3 |  3.8
Earth Magic    | 1 2 3 |  3.8
Dodging        | 5 6 |  6.6
Stealth        | 5 6 |  6.3
Alchemy        | 6 |  6.7

Action                     |  1- 3 |  4- 6 |  7- 9 || total
---------------------------+-------+-------+-------++-------
  Melee: Short sword       |     4 |       |       ||     4
         Whip              |    23 |    38 |    87 ||   148
         Punch             |       |     1 |     3 ||     4
         Bite              |       |     1 |     5 ||     6
  Throw: Javelin           |    15 |    15 |       ||    30
         Boomerang         |       |       |     5 ||     5
   Cast: Sting             |     9 |     5 |     2 ||    16
         Mercury Vapours   |     7 |    11 |    14 ||    32
         Olgreb's Toxic Ra |       |     5 |    18 ||    23
         Mephitic Cloud    |       |     1 |     5 ||     6
         Sticky Flame      |       |     4 |    22 ||    26
         Call Canine Famil |       |       |     1 ||     1
 Invoke: Sacrifice Essence |       |       |     1 ||     1
    Use: Scroll            |     4 |     6 |     5 ||    15
         Potion            |       |       |     7 ||     7
   Stab: Sleeping          |     1 |     2 |     4 ||     7
         Distracted        |     1 |       |     1 ||     2
 Armour: Robe              |    15 |    26 |    10 ||    51
         Leather armour    |       |       |    84 ||    84
         Skin              |       |       |     3 ||     3
  Dodge: Dodged            |    19 |    29 |    93 ||   141
